Map: Thunderbird LE

Players

pHARM - Winner!

  • Race: Zerg Zerg
  • League: Platinum
  • Spawn Location: 5:00

Bonsai

  • Race: Protoss Protoss
  • League: Platinum
  • Spawn Location: 11:00

VOD

Have the link to the VOD?

Description

Time

  • Played on: Oct. 5, 2019, 2:48 p.m.
  • Length: 2:04
Show
View Real Time Build Order
Export as new Build Order

pHARM Zerg - Winner!

Build Orders:  

Get SALT Encoding   

  12  0:01  Drone  
  13  0:13  Overlord  
  13  0:23  Drone  
  14  0:31  Drone x2  
  16  0:49  Drone x2  
  18  1:10  Drone x2  
  20  1:11  Hatchery  
  19  1:28  Hatchery  
  17  1:35  Drone x2  
Show
View Real Time Build Order
Export as new Build Order

Bonsai Protoss 

Build Orders:  

Get SALT Encoding   

  12  0:01  Probe  
  13  0:13  Probe  
  14  0:17  Pylon  
  14  0:25  Assimilator  
  14  0:39  Probe (Chrono Boost)  
  15  0:49  Probe (Chrono Boost)  
  16  0:56  Probe  
  17  1:21  Probe (Chrono Boost)  
Tags
 
Matchup
PvZ
Replay Pack
10.7.19
Spawn Locations
Cross Positions
Add a new tag
Caveats
  • Supply blocks, unpowered buildings, or Contaminate may cause inaccurate times.
  • Supply counts are checked every 10 seconds.